 Dungeon Crawl Stone Soup version 0.18.1-50-g88ac8fd (webtiles) character file.

130 DogShitOnMyToe the Cudgeler (level 5, -1/50 HPs)
             Began as an Ogre Hunter on Oct 5, 2016.
             Slain by a goblin (3 damage)
             ... led by Robin
             ... on level 3 of the Dungeon.
             The game lasted 00:08:30 (2208 turns).

DogShitOnMyToe the Cudgeler (Ogre Hunter)           Turns: 2208, Time: 00:08:30

Health: -1/50      AC:  3    Str: 17    XL:     5   Next: 14%
Magic:  5/5        EV: 10    Int: 10    God:
Gold:   183        SH:  0    Dex: 11    Spells: 0 memorised, 4 levels left

rFire  . . .     SeeInvis .     y - +1 dagger (pain)
rCold  . . .     Gourm    .     b - +0 robe
rNeg   . . .     Faith    .     (no shield)
rPois  .         Spirit   .     (helmet restricted)
rElec  .         Dismiss  .     (no cloak)
rCorr  .         Reflect  .     (gloves unavailable)
SustAt .         Harm     .     (boots unavailable)
MR     .....                    (no amulet)
Stlth  +.........               (no ring)
                                (no ring)

@: not resistant to hostile enchantments, very unstealthy
A: unfitting armour, tough skin 1
a: no special abilities


You were on level 3 of the Dungeon.
You were not hungry.

You visited 1 branch of the dungeon, and saw 3 of its levels.

You collected 183 gold pieces.

Inventory:

Hand Weapons
 a - a +0 short sword
 e - a +0 club
 k - a +0 hunting sling
 y - a +1 dagger of pain (weapon)
Missiles
 l - 92 stones
 C - a throwing net (quivered)
Armour
 b - a +0 robe (worn)
Jewellery
 q - an uncursed ring of wizardry {unknown}
 w - an uncursed ring of wizardry {unknown}
Wands
 d - a wand of random effects (36/48)
 z - a wand of flame (30/48)
Scrolls
 r - 2 scrolls of magic mapping {unknown}
 s - a scroll of teleportation {unknown}
 t - 3 scrolls of noise {unknown}
 u - 2 scrolls of enchant weapon {unknown}
 x - 3 scrolls of identify {unknown}
 A - a scroll of blinking {unknown}
 D - a scroll of enchant armour {unknown}
Potions
 c - a potion of beneficial mutation {unknown}
 g - a potion of might {unknown}
 h - 2 potions of lignification {unknown}
 i - a potion of heal wounds {unknown}
 m - a potion of agility {unknown}
 n - a potion of magic {unknown}
 o - 2 potions of mutation {unknown}
 p - a potion of haste {unknown}
 v - 2 potions of curing {unknown}
 B - a potion of ambrosia {unknown}
Comestibles
 f - 3 bread rations
 j - 2 meat rations
 E - a slice of pizza


   Skills:
 - Level 2.6 Fighting
 + Level 6.1 Maces & Flails
 - Level 4.0 Throwing
 - Level 1.7 Dodging
 - Level 0.7 Stealth


You had 4 spell levels left.
You didn't know any spells.

Dungeon Overview and Level Annotations

Branches:
Dungeon (3/15)

Altars:


Innate Abilities, Weirdness & Mutations

You are too large for most types of armour.
You have tough skin (AC +1).


Message History

The goblin hits you with a dagger.
* * * LOW HITPOINT WARNING * * *
The goblin hits you.
* * * LOW HITPOINT WARNING * * *
The helpless Robin fails to defend herself.
You hit Robin.
Robin is almost dead.
The hobgoblin closely misses you.
Robin struggles to escape the net.
Robin breaks free.
The goblin hits you with a dagger.
* * * LOW HITPOINT WARNING * * *
The goblin misses you.
You hit Robin.
You kill Robin!
Your Maces & Flails skill increases to level 6!
The hobgoblin hits you.
* * * LOW HITPOINT WARNING * * *
The goblin hits you with a dagger.
* * * LOW HITPOINT WARNING * * *
The goblin hits you.
You die...

#.............#
#.............# ####
#..>..........########...
#.......>.....+..........
#.............########...
#.............# #...
#.......g.....########...
#......gggg.......g......
####.###@####............
#.....##)# #............
#.....##†# #.........###
#.....##.# #.........#
#.....##.####.........###
#.....##(...gg...........
#.....#######.........###
#.....# ###########
#.....#


You could see a hobgoblin and 4 goblins.

Vanquished Creatures
  Ijyb (D:3)
  Robin (D:3)
  4 adders (D:2)
  2 dart slugs
  A giant gecko (D:2)
  3 giant cockroaches
  9 goblins
  10 hobgoblins
  7 kobolds
  3 bats
  2 giant newts
  9 rats
52 creatures vanquished.

Notes
Turn   | Place    | Note
--------------------------------------------------------------
     0 | D:1      | DogShitOnMyToe the Ogre Hunter began the quest for the Orb.
     0 | D:1      | Reached XP level 1. HP: 22/22 MP: 1/1
    23 | D:1      | Reached skill level 1 in Maces & Flails
   109 | D:1      | Reached skill level 2 in Maces & Flails
   109 | D:1      | Reached XP level 2. HP: 16/29 MP: 2/2
   464 | D:1      | Reached skill level 3 in Maces & Flails
   818 | D:2      | Reached XP level 3. HP: 26/36 MP: 3/3
  1094 | D:2      | Reached skill level 4 in Maces & Flails
  1552 | D:2      | Reached XP level 4. HP: 37/44 MP: 4/4
  1564 | D:2      | Reached skill level 5 in Maces & Flails
  2052 | D:3      | Noticed Ijyb
  2085 | D:3      | Killed Ijyb
  2134 | D:3      | Noticed Robin
  2136 | D:3      | Reached XP level 5. HP: 46/50 MP: 5/5
  2208 | D:3      | Killed Robin
  2208 | D:3      | Reached skill level 6 in Maces & Flails
  2208 | D:3      | HP: 2/50 [goblin/dagger[Robin] (2)]
  2208 | D:3      | Slain by a goblin

Skill      XL: |  1  2  3  4  5 |
---------------+----------------+-----
Maces & Flails | 2 3 4 5 6 |  6.1
Fighting       | |  2.6
Throwing       | |  4.0
Dodging        | |  1.7
Stealth        | |  0.7

Action                   |  1- 3 |  4- 6 || total
-------------------------+-------+-------++-------
Melee: Short sword       |   103 |       ||   103
       Dagger            |    27 |    71 ||    98
Throw: Large rock        |     2 |    12 ||    14
       Throwing net      |       |     3 ||     3
 Stab: Sleeping          |     1 |       ||     1
       Distracted        |       |     1 ||     1
       Held in net/web   |       |     2 ||     2
  Eat: Chunk             |     2 |     2 ||     4
Armor: Robe              |    20 |    34 ||    54
Dodge: Dodged            |    69 |    49 ||   118
